 Dungeon Crawl Stone Soup version 0.28-a0-519-gbfeecf2fc5 (webtiles) character file.

Game seed: 11535477530222646834

10 demibob the Ruffian (level 2, 0/29 HPs)
             Began as a Troll Monk on Sept 23, 2021.
             Slain by a goblin (9 damage)
             ... on level 2 of the Dungeon.
             The game lasted 00:00:36 (609 turns).

demibob the Ruffian (Troll Monk)                     Turns: 609, Time: 00:00:37

Health: 0/29       AC:  5    Str: 18    XL:     2   Next: 10%
Magic:  1/1        EV: 10    Int:  6    God:
Gold:   15         SH:  0    Dex: 12    Spells: 1/1 levels left

rFire   . . .      SeeInvis .     - Unarmed
rCold   . . .      Faith    .   (no shield)
rNeg    . . .      Spirit   .   a - +0 robe
rPois   .          Reflect  .   (helmet restricted)
rElec   .          Harm     .   f - +0 cloak
rCorr   .          Rampage  .   (gloves unavailable)
Will    .....                   (boots unavailable)
Stlth   ++........              (no amulet)
HPRegen 1.09/turn               (no ring)
MPRegen 0.07/turn               (no ring)

@: no status effects
A: large, unfitting armour, claws 3, regeneration 1, shaggy fur 1, tough skin 1
a: no special abilities


You were on level 2 of the Dungeon.
You visited 1 branch of the dungeon, and saw 2 of its levels.

You collected 15 gold pieces.


Innate Abilities, Weirdness & Mutations

You are too large for most types of armour.
You have claws for hands.
Your natural rate of healing is unusually fast.
You are covered in fur. (AC +1)
You have tough skin. (AC +1)


   Skills:
 - Level 2.4 Fighting
 + Level 2.7 Dodging
 - Level 1.0 Stealth
 + Level 3.3 Unarmed Combat


You had one spell level left.
You didn't know any spells.
Your spell library contained the following spells:

 Spells                   Type           Power      Damage    Failure   Level
 Animate Skeleton         Necr           0%         N/A       45%         1
 Pain                     Necr           0%         1d4       45%         1
 Vampiric Draining        Necr           0%         2d6       83%         3

Inventory:

Armour
 a - a +0 robe (worn)
 f - a +0 cloak (worn)
Scrolls
 c - a scroll of enchant armour {unknown}
 e - a scroll of teleportation {unknown}
Potions
 b - a potion of curing {unknown}
 d - a potion of heal wounds {unknown}

Dungeon Overview and Level Annotations

Branches:
Dungeon (2/15)

Altars:

###########
...#.....<...#.#
#.[..>...@g....#
...............#
############.#.#
...# ..(. ..#
...


You could see a goblin.


Message History

No target in view!
Things that are here:
a +0 club; a goblin corpse
Found a stone staircase leading down.
There is an open door here.
Done exploring.
Done exploring.
Done exploring.
Done exploring.
Done exploring.
(D) Dungeon
Where to? (? - help)
There is a stone staircase leading down here.
You climb downwards.
The goblin shouts!
Found a robe and 16 sling bullets.
Found an escape hatch in the floor.
There is a stone staircase leading up here.
There are monsters nearby!
The frilled lizard bites you but does no damage.
You scratch the frilled lizard.
You kill the frilled lizard!
The goblin hits you with a +3 dagger of electrocution.
You are electrocuted!
Ouch! That really hurt!
* * * LOW HITPOINT WARNING * * *
You closely miss the goblin.
The goblin hits you with a +3 dagger of electrocution.
* * * LOW HITPOINT WARNING * * *
You are electrocuted!
You die...

Action                   || total
-------------------------++-------
Melee: Unarmed           ||    23
Armor: Robe              ||     8
Dodge: Dodged            ||     6

Levels and vault maps discovered:
D:1:      co_arrival_square_in_a_square_in_a_square, layout_basic,
          dilly_ecumenical_altar_fadedgnrine, solitary_fountain
D:2:      minmay_door_path, layout_loops_ring, minmay_goblin_kobold_house

Notes
Turn   | Place    | Note
-------+----------+-------------------------------------------
     0 | D:1      | demibob the Troll Monk began the quest for the Orb.
     0 | D:1      | Reached XP level 1. HP: 22/22 MP: 0/0
    89 | D:1      | Found a faded altar of an unknown god.
   376 | D:1      | Reached XP level 2. HP: 28/29 MP: 1/1
   609 | D:2      | Slain by a goblin

Vanquished Creatures
  An endoplasm (D:1)
  2 giant cockroaches (D:1)
  3 goblins (D:1)
  A hobgoblin (D:1)
  A frilled lizard (D:2)
8 creatures vanquished.

Table legend: (Time is in decaauts)
 A = Elapsed time spent in this place.
 B = Non-inter-level travel time spent in this place.
 C = Inter-level travel time spent in this place.
 D = Time resting spent in this place.
 E = Time spent auto-exploring this place.
 F = Levels seen in this place.
 G = Mean time per level.
                   A        B        C        D        E       F      G
               +--------+--------+--------+--------+--------+-----+--------+
         Total |    607 |    591 |     16 |      0 |    507 |   2 |  303.5 |
       Dungeon |    607 |    591 |     16 |      0 |    507 |   2 |  303.5 |
               +--------+--------+--------+--------+--------+-----+--------+

Top non-repeatable levels by time:
     D:1: 602 daAuts
     D:2: 5 daAuts

Table legend:
 A = Non-vault XP
 B = Vault XP
 C = Vault XP percentage of total XP
 D = Non-vault monster count
 E = Vault monster count
 F = Vault count percentage of total count
                 A         B        C        D         E       F
            +---------+---------+-------+---------+---------+-------
      Total |      15 |       0 |   0.0 |       8 |       0 |   0.0
            +---------+---------+-------+---------+---------+-------
        D:1 |      14 |       0 |   0.0 |       7 |       0 |   0.0
        D:2 |       1 |       0 |   0.0 |       1 |       0 |   0.0
            +---------+---------+-------+---------+---------+-------
